 Dungeon Crawl Stone Soup version 0.20.1-1-g8b1a95d (webtiles) character file.

74 Kunitse the Skirmisher (level 4, 0/29 HPs)
             Began as a Kobold Berserker on Oct 4, 2017.
             Was a Follower of Trog.
             Succumbed to an adder's poison
             ... on level 2 of the Dungeon.
             The game lasted 00:09:37 (2176 turns).

Kunitse the Skirmisher (Kobold Berserker)           Turns: 2176, Time: 00:09:37

Health: 0/29       AC:  6    Str: 15    XL:     4   Next: 52%
Magic:  4/4        EV: 11    Int:  8    God:    Trog [*.....]
Gold:   73         SH:  4    Dex: 14    Spells: 3/3 levels left

rFire    . . .     SeeInvis .   a - +0 mace
rCold    . . .     Gourm    .   n - +0 buckler
rNeg     . . .     Faith    .   h - +0 scale mail (curse)
rPois    .         Spirit   .   (no helmet)
rElec    .         Reflect  .   (no cloak)
rCorr    .         Harm     .   (no gloves)
MR       .....                  (no boots)
Stlth    ..........             (no amulet)
Regen    0.1/turn               (no ring)
MPRegen  0.1/turn               (no ring)

@: lethally poisoned (0 -> -4)
A: carnivore 3
a: Berserk, Burn Spellbooks, Renounce Religion


You were on level 2 of the Dungeon.
You worshipped Trog.
Trog was aware of your devotion.
You were not hungry.

You visited 1 branch of the dungeon, and saw 2 of its levels.

You collected 73 gold pieces.

Inventory:

Hand Weapons
 a - a +0 mace (weapon)
Armour
 b - a +0 animal skin
 e - a +0 ring mail
 h - a cursed +0 scale mail (worn)
 n - a +0 buckler (worn)
Scrolls
 d - a scroll of enchant armour {unknown}
 f - a scroll of noise {unknown}
 g - 3 scrolls of identify {unknown}
 i - a scroll of fear {unknown}
 j - 3 scrolls of remove curse {unknown}
 l - 3 scrolls of teleportation {unknown}
Potions
 m - 2 potions of curing {unknown}
Comestibles
 c - a meat ration
 k - 2 royal jellies


   Skills:
 * Level 4.1 Fighting
 * Level 3.4 Maces & Flails
 * Level 2.2 Armour
 - Level 2.4 Dodging
 * Level 0.1 Shields


You had 3 spell levels left.
You didn't know any spells.

Dungeon Overview and Level Annotations

Branches:
Dungeon (2/15)

Altars:


Innate Abilities, Weirdness & Mutations

You are small and have problems with some larger weapons.
You are carnivorous and can eat meat at any time.


Message History

Your shield and scale mail prevent you from hitting the adder.
The adder is almost dead.
The adder bites you but does no damage. The adder bites you.
* * * LOW HITPOINT WARNING * * *
You are lethally poisoned!
The adder poisons you!
You closely miss the adder.
The adder is almost dead.
* * * LOW HITPOINT WARNING * * *
You feel sick. The adder closely misses you.
You barely miss the adder.
The adder is almost dead.
* * * LOW HITPOINT WARNING * * *
You feel sick. You block the adder's attack. The adder bites you.
* * * LOW HITPOINT WARNING * * *
You thump the adder!
You kill the adder!
Trog accepts your kill.
You see here an adder corpse.
You die...

#######.#######....##..≈≈≈≈.♣♣≈≈≈
#................÷≈≈≈≈≈≈≈≈≈
#.#######......#≈≈≈≈≈≈≈≈≈≈≈ #.#
#......#..≈≈≈≈≈≈≈≈≈ ..#
#.......≈≈≈≈..≈≈≈.≈ ....
##.....#...≈..≈≈.≈. ..###
##.#..#.###.####.. ...
#..#####.....#.# #.# ### ....
#....†@#.....# #.#
....#####.....#####.## #
######.#..# #...##### #.....>...#
#........ .####.####.#)##
#...##### ......S....#..# #####
.####.#######.# # #.# #.# #
#.####.## #.#


There were no monsters in sight!

Vanquished Creatures
  4 adders (D:2)
  2 leopard geckos
  5 bats
  3 giant cockroaches (D:2)
  2 goblins
  6 hobgoblins
  A quokka (D:2)
  2 frilled lizards (D:1)
  4 kobolds
  7 rats
  4 plants (D:1)
40 creatures vanquished.

Notes
Turn   | Place    | Note
-------+----------+-------------------------------------------
     0 | D:1      | Kunitse the Kobold Berserker began the quest for the Orb.
     0 | D:1      | Reached XP level 1. HP: 14/14 MP: 1/1
   417 | D:1      | Reached XP level 2. HP: 16/19 MP: 2/2
  1220 | D:2      | Reached XP level 3. HP: 14/24 MP: 3/3
  1673 | D:2      | Found a faded altar of an unknown god.
  1686 | D:2      | Reached skill level 4 in Fighting
  1949 | D:2      | Reached XP level 4. HP: 25/29 MP: 4/4
  2173 | D:2      | HP: 1/29 [adder (2)]
  2176 | D:2      | Succumbed to an adder's poison

Skill      XL: |  1  2  3 |
---------------+----------+-----
Maces & Flails | 3 |  3.4
Armour         | 2 |  2.2
Fighting       | 4 |  4.1
Dodging        | |  2.4
Shields        | |  0.1

Action                   |  1- 3 |  4- 6 || total
-------------------------+-------+-------++-------
Melee: Mace              |   336 |    53 ||   389
  Eat: Meat ration       |     1 |       ||     1
       Chunk             |     1 |     1 ||     2
Armor: Animal skin       |     9 |       ||     9
       Ring mail         |     2 |       ||     2
       Scale mail        |    55 |    22 ||    77
Dodge: Dodged            |   100 |    41 ||   141
Block: Buckler           |     3 |    14 ||    17
